 Dungeon Crawl Stone Soup version 0.29-a0-322-g68df515428 (webtiles) character file.

Game seed: 2289192870002189970

1 cojito the Chopper (level 1, -1/19 HPs)
             Began as a Minotaur Cinder Acolyte on Apr 6, 2022.
             Was a High Priest of Ignis.
             Slain by a quokka (4 damage)
             ... on level 1 of the Dungeon.
             The game lasted 00:00:12 (50 turns).

cojito the Chopper (Minotaur Cinder Acolyte)          Turns: 50, Time: 00:00:13

Health: -1/19      AC:  2    Str: 18    XL:     1   Next: 16%
Magic:  1/1        EV: 11    Int: 11    God:    Ignis [*****.]
Gold:   13         SH:  0    Dex:  5    Spells: 2/2 levels left

rFire   + . .      SeeInvis .   a - -1 hand axe (flame)
rCold   . . .      Faith    .   (no shield)
rNeg    . . .      Spirit   .   b - +0 robe
rPois   .          Reflect  .   (helmet restricted)
rElec   .          Harm     .   (no cloak)
rCorr   .          Rampage  .   (no gloves)
Will    .....                   (no boots)
Stlth   +.........              (no amulet)
HPRegen 0.06/turn               (no ring)
MPRegen 0.07/turn               (no ring)

@: no status effects
A: horns 2, retaliatory headbutt
a: Renounce Religion, Fiery Armour, Foxfire Swarm, Rising Flame


You were on level 1 of the Dungeon.
You worshipped Ignis.
Ignis was extremely pleased with you.
You visited 1 branch of the dungeon, and saw 1 of its levels.

You collected 13 gold pieces.

Inventory:

Hand Weapons
 a - a -1 hand axe of flaming (weapon)
Armour
 b - a +0 robe (worn)


   Skills:
 + Level 3.6 Fighting
 + Level 3.6 Axes
 + Level 0.1 Armour
 + Level 0.1 Dodging
 - Level 1.0 Spellcasting
 - Level 2.1 Fire Magic


You had 2 spell levels left.
You didn't know any spells.
Your spell library contained the following spells:

 Spells                   Type           Power      Damage    Failure   Level
 Scorch                   Fire           10%        2d6       21%         2


Dungeon Overview and Level Annotations

Branches:
Dungeon (1/15)

Altars:


Innate Abilities, Weirdness & Mutations

You have a pair of horns on your head.
You reflexively headbutt those who attack you in melee.


Message History

Found a faded altar of an unknown god.
There is a faded altar of an unknown god here.
Found 23 stones.
A frilled lizard comes into view.
Found a book of the Tundra.
The frilled lizard hisses angrily.
A rat comes into view.
There are monsters nearby!
There are monsters nearby!
There are monsters nearby!
There are monsters nearby!
A quokka comes into view.
Found a stone staircase leading down.
A quokka comes into view.
Found 9 stones.
The frilled lizard misses you.
You hit the frilled lizard. You burn the frilled lizard.
You kill the frilled lizard!
The quokka bites you.
You barely miss the quokka. You hit the rat. You burn the rat.
You kill the rat!
You miss the quokka. The quokka bites you.
You completely miss the quokka. You hit the quokka. You burn the quokka.
The quokka bites you but does no damage.
The quokka completely misses you. The quokka bites you. The quokka misses you.
You are too injured to fight recklessly!
You are too injured to fight recklessly!
You are too injured to fight recklessly!
You are too injured to fight recklessly!
You closely miss the quokka.
The quokka is heavily wounded.
You miss the quokka. The quokka bites you.
* * * LOW HITPOINT WARNING * * *
The quokka misses you.
You hit the quokka but do no damage.
The quokka is heavily wounded.
You completely miss the quokka. The quokka bites you.
* * * LOW HITPOINT WARNING * * *
The quokka bites you.
You die...

.# #.##.#.## .........#
#_##....#
......#..#####.####..###
...............####...##
..>...#..#####..........
...:................####
(.....#........##..##...
......rr..........###'##
#.#@.##.##.##.#..###
#(........####'#+ #
#.?.##.....#<..# .
#......##...###+# .
#....#. ..... . #.#.....
.....# #. #.####...
....# #. #.##...###


You could see 2 quokkas.

Vanquished Creatures
  A frilled lizard (D:1)
  A rat (D:1)
2 creatures vanquished.

Notes
Turn   | Place    | Note
-------+----------+-------------------------------------------
     0 | D:1      | cojito the Minotaur Cinder Acolyte began the quest for the
                  | Orb.
     0 | D:1      | Reached XP level 1. HP: 19/19 MP: 1/1
    28 | D:1      | Found a faded altar of an unknown god.
    50 | D:1      | Slain by a quokka

Illustrated notes

Levels and vault maps discovered:
D:1:      erik_arrival_triangle_small, layout_loops_cross,
          basic_ecumenical_altar, minmay_misc_feat_pillars,
          serial_park_tiny_pond, st_stairs_4, chequers_serial_rivers_marsh

Action                   || total
-------------------------++-------
Melee: Hand axe          ||     6
Armor: Robe              ||     1
Dodge: Dodged            ||     4

Table legend: (Time is in decaauts)
 A = Elapsed time spent in this place.
 B = Non-inter-level travel time spent in this place.
 C = Inter-level travel time spent in this place.
 D = Time resting spent in this place.
 E = Time spent auto-exploring this place.
 F = Levels seen in this place.
 G = Mean time per level.
                   A        B        C        D        E       F      G
               +--------+--------+--------+--------+--------+-----+--------+
         Total |     50 |     50 |      0 |      0 |     39 |   1 |   50.0 |
       Dungeon |     50 |     50 |      0 |      0 |     39 |   1 |   50.0 |
               +--------+--------+--------+--------+--------+-----+--------+

Top non-repeatable levels by time:
     D:1: 50 daAuts
